AoeStats
← Stop_Force-Pick_Civ_Pls

African Clearing

510532151Analyzed
4v4 RM · 17h ago on Oct 1, 2026· 27m 55s· 8 players
Game mode
Random Map
Map size
Large (8 player)
Population
200
Speed
Normal
Resources
Standard
Victory
Conquest
Starting age
Dark Age
Ending age
Imperial Age
RankedLock teamsTeams togetherTeam positionsShared explorationLock speedFull tech treeHidden civsTurbo modeCheats
Victory
Defeat
🇬🇧 Saxons · United Kingdom
1420
+15
🇩🇪 Huns · Germany
1385
+16
🇨🇳 Maya · China
1381
+16
🇨🇳 Khitans · China
1375
+16
🇦🇷 Magyars · Argentina
1425
-17
🇹🇼 Spanish · Taiwan
1383
-16
🇦🇷 Shu · Argentina
1382
-16
🇹🇼 Berbers · Taiwan
1351
-14
七七2025
14:46 Feudal Age
18:43 Castle Age
16:25 Horse Collar
17:25 Double-Bit Axe
19:13 Loom
20:05 Fletching
20:27 Bow Saw
22:44 Bodkin Arrow
25:54 Padded Archer Armor
26:35 Gold Mining
29:02 Wheelbarrow
28:44 Leather Archer Armor
Oliver
11:14 Feudal Age
10:04 Loom
11:44 Town Watch
14:15 Fletching
30:12 Castle Age
Stop_Force-Pick_Civ_Pls
6:00 Loom
14:18 Feudal Age
20:03 Castle Age
18:37 Scale Barding Armor
18:43 Double-Bit Axe
18:52 Horse Collar
21:22 Bow Saw
22:07 Wheelbarrow
26:39 Sanctity
26:31 Fervor
28:31 Heavy Plow
NocturnalPharmakon
7:12 Loom
9:16 Loom
11:31 Feudal Age
12:12 Double-Bit Axe
14:08 Town Watch
14:43 Forging
15:51 Wheelbarrow
22:54 Castle Age
21:09 Scale Barding Armor
23:14 Domestication
23:59 Bow Saw
24:35 Iron Casting
24:02 Husbandry
23:23 Light Cavalry
11HQQQQ
13:47 Feudal Age
17:54 Castle Age
16:56 Double-Bit Axe
20:12 Husbandry
20:41 Bow Saw
20:35 Fletching
21:58 Gold Mining
23:15 Bodkin Arrow
25:28 Padded Archer Armor
28:34 Ballistics
疫拳抄人
12:45 Feudal Age
11:02 Loom
12:49 Feudal Age
16:44 Castle Age
14:52 Double-Bit Axe
15:29 Town Watch
18:57 Wheelbarrow
18:40 Bow Saw
18:12 Horse Collar
22:05 Padded Archer Armor
SKYRIM
5:23 Loom
12:59 Feudal Age
PocaChota
12:20 Loom
14:23 Feudal Age
19:25 Castle Age
17:46 Double-Bit Axe
17:59 Fishing Lines
19:12 Bloodlines
21:04 Bow Saw
21:05 Gillnets
23:13 Scale Barding Armor
24:07 Husbandry
Connection lost

Rejoining the realm…

Still unreachable

The connection could not be restored.

Session expired

The server has moved on; the page needs a fresh start.